 Dungeon Crawl Stone Soup version 0.20.1-1-g8b1a95d66d (webtiles) character file.

347 NullDivider the Sneak (level 6, -2/24 HPs)
             Began as a Felid Enchanter on Nov 15, 2017.
             Was an Initiate of Dithmenos.
             Slain by a sky beast (4 damage)
             ... on level 4 of the Dungeon on Nov 16, 2017.
             The game lasted 00:44:33 (7578 turns).

NullDivider the Sneak (Felid Enchanter)             Turns: 7578, Time: 00:44:34

Health: -2/24      AC:  2    Str:  4    XL:     6   Next: 32%
Magic:  9/20       EV: 19    Int: 18    God:    Dithmenos [......]
Gold:   275        SH:  0    Dex: 17    Spells: 2/11 levels left
                                        Lives:  0   Deaths: 1

rFire    . . .     SeeInvis +   (weapon unavailable)
rCold    . . .     Gourm    .   (shield unavailable)
rNeg     . . .     Faith    .   (armour unavailable)
rPois    +         Spirit   .   (helmet unavailable)
rElec    .         Reflect  .   (cloak unavailable)
rCorr    .         Harm     .   (gloves unavailable)
MR       .....                  (boots unavailable)
Stlth    +++.......             (no amulet)
Regen    0.1/turn               q - ring of poison resistance
MPRegen  0.2/turn               d - ring of magical power

@: very slightly contaminated, heavily drained, quick
A: no armour, no weapons or thrown items, stealth, claws 1, fangs 3, see
invisible, carnivore 3, speed 1, shaggy fur 2, slow metabolism 1, sharp paws
a: Renounce Religion


You were on level 4 of the Dungeon.
You worshipped Dithmenos.
Dithmenos was noncommittal.
You were full.

You visited 1 branch of the dungeon, and saw 5 of its levels.

You collected 275 gold pieces.

Inventory:

Jewellery
 d - a ring of magical power (right paw)
 m - a +5 ring of intelligence
 p - a +4 ring of strength
 q - a ring of poison resistance (left paw)
 t - an uncursed ring of ice
 u - an uncursed amulet of harm
Scrolls
 c - a scroll of immolation {unknown}
 g - a scroll of amnesia {unknown}
 j - 4 scrolls of remove curse
 n - 2 scrolls of teleportation {unknown}
 o - a scroll of recharging {unknown}
 s - a scroll of identify {unknown}
 w - a scroll of fear {unknown}
Potions
 e - 3 potions of flight {unknown}
 f - 2 potions of degeneration {unknown}
 h - a potion of might {unknown}
 i - a potion of brilliance {unknown}
 k - a potion of haste {unknown}
 l - a potion of agility {unknown}
 v - a potion of lignification {unknown}
 x - a potion of ambrosia {unknown}
Books
 a - a book of Maledictions

   Spells                             Type                      Level
   a - Corona                         Hexes                        1
   b - Ensorcelled Hibernation        Hexes/Ice                    2
   c - Confuse                        Hexes                        3
   d - Tukima's Dance                 Hexes                        3
   e - Dazzling Spray                 Conjuration/Hexes            3
Comestibles
 b - a meat ration
 r - a royal jelly


   Skills:
 * Level 5.2(3.6) Dodging
 * Level 6.6(5.0) Stealth
 + Level 2.4(0.9) Unarmed Combat
 + Level 3.1(1.6) Spellcasting
 * Level 6.5(4.9) Hexes


You had 2 spell levels left.
You knew the following spells:

 Your Spells              Type           Power        Failure   Level  Hunger
a - Corona                Hex            ###....      2%          1    ##.....
b - Ensorcelled Hibernat  Hex/Ice        ##....       11%         2    ###....
c - Tukima's Dance        Hex            ###.....     8%          3    ####...
d - Confuse               Hex            ###.....     8%          3    ####...


Dungeon Overview and Level Annotations

Branches:
Dungeon (5/15)
 Temple: D:4-7

Altars:
Cheibriados
Dithmenos
Fedhas
Hepliaklqana
Kikubaaqudgha
Uskayaw

Annotations:
D:3 Toogi's ghost, amateur FoCK


Innate Abilities, Weirdness & Mutations

You cannot wear armour.
You are incapable of wielding weapons or throwing items.
Your paws allow you to move quietly. (Stealth)
You have sharp claws.
You have razor-sharp teeth.
You have supernaturally acute eyesight. (SInv)
You are carnivorous and can eat meat at any time.
You cover ground quickly.
You are covered in thick fur. (AC +2)
You have a slow metabolism.
Your sharp claws are effective at attacking unaware monsters.


Message History

You pounce on the unaware helpless sky beast!
You claw the sky beast!
The sky beast is heavily wounded.
The sky beast completely misses you.
Casting: Ensorcelled Hibernation
Confirm with . or Enter, or press ? or * to list all spells.
Aiming: Confuse
Press: ? - help, Shift-Dir - straight line, f/p - sky beast
Aim: a sky beast (rain, heavily wounded, chance to defeat MR: 50%)
The sky beast resists with some effort.
The sky beast hits you.
* * * LOW HITPOINT WARNING * * *
The sky beast shocks you.
* * * LOW HITPOINT WARNING * * *
Casting: Confuse
Confirm with . or Enter, or press ? or * to list all spells.
Aiming: Confuse
Press: ? - help, Shift-Dir - straight line, f/p - sky beast
Aim: a sky beast (heavily wounded, chance to defeat MR: 50%)
The sky beast resists with some effort.
The sky beast hits you.
You die...

#.# #...................
#.# #...................
#.# ##......#...........
#.# #......#...........
#.# ######.#........###
#.# ###....#.............
#.# #.......##........##.
#.# #..).....#.#.....###.
#.# #...@....#.#.........
#.# #...Y....#.#.........
##.###....###.#.#.........
#.....[.......#.#########.
######.....####.#...# ##.
#...........#.#...####..
#.##.................#..
#.##.....#...........#..
#.########...........#..


You could see a sky beast.

Vanquished Creatures
  An orc priest (D:4)
  4 orc wizards
  2 iguanas (D:4)
  3 worker ants (D:4)
  A worker ant zombie (D:5)
  5 adders
  4 oozes
  A worm (D:3)
  A dart slug (D:1)
  3 leopard geckos
  13 orcs
  5 bats
  10 giant cockroaches
  13 goblins
  7 hobgoblins
  6 jackals (D:2)
  7 kobolds
  2 ball pythons
  8 frilled lizards
  10 rats
106 creatures vanquished.

Vanquished Creatures (collateral kills)
  2 orcs (D:3)
  A hobgoblin (D:2)
3 creatures vanquished.

Vanquished Creatures (others)
  4 dancing weapons (D:3)
4 creatures vanquished.

Grand Total: 113 creatures vanquished

Notes
Turn   | Place    | Note
-------+----------+-------------------------------------------
     0 | D:1      | NullDivider the Felid Enchanter began the quest for the Orb.
     0 | D:1      | Reached XP level 1. HP: 7/7 MP: 4/4
   648 | D:1      | Reached XP level 2. HP: 8/11 MP: 3/6
   746 | D:1      | Learned a level 2 spell: Ensorcelled Hibernation
  1441 | D:1      | Reached skill level 5 in Hexes
  1557 | D:1      | Reached XP level 3. HP: 14/14 MP: 7/7
  2230 | D:1      | Learned a level 3 spell: Tukima's Dance
  2524 | D:2      | Reached XP level 4. HP: 14/18 MP: 3/8
  2953 | D:2      | Reached skill level 5 in Stealth
  3011 | D:2      | Found an ancient bone altar of Kikubaaqudgha.
  3632 | D:2      | Found a snail-covered altar of Cheibriados.
  3956 | D:3      | Reached XP level 5. HP: 15/21 MP: 10/10
  4287 | D:3      | Noticed Toogi's ghost (amateur FoCK)
  5066 | D:3      | Noticed an orc warrior
  5398 | D:3      | Found a hazy altar of Hepliaklqana.
  5735 | D:3      | Found a hide-covered altar of Uskayaw.
  5736 | D:3      | Found a shadowy altar of Dithmenos.
  5744 | D:3      | Became a worshipper of Dithmenos the Shadowed
  5842 | D:3      | Learned a level 3 spell: Confuse
  5992 | D:3      | Slain by an orc warrior
  5993 | D:3      | Reached XP level 4. HP: 0/18 MP: 6/18
  6009 | D:4      | Reached XP level 5. HP: 21/21 MP: 10/10
  6373 | D:4      | Found a blossoming altar of Fedhas.
  6575 | D:4      | Gained mutation: You are covered in thick fur. (AC +2) [Felid growth]
  6575 | D:4      | Reached XP level 6. HP: 24/24 MP: 11/11
  7138 | D:5      | Entered Level 5 of the Dungeon
  7163 | D:5      | Reached skill level 5 in Dodging
  7560 | D:4      | Noticed a sky beast
  7578 | D:4      | Slain by a sky beast

Skill      XL: |  1  2  3  4  5  6 |
---------------+-------------------+-----
Dodging        | 3 4 5 |  5.2
Hexes          | 5 6 |  6.5
Stealth        | 6 |  6.6
Unarmed Combat | 2 |  2.4
Spellcasting   | 3 |  3.1

Action                   |  1- 3 |  4- 6 || total
-------------------------+-------+-------++-------
Melee: Unarmed           |    87 |   200 ||   287
       Bite              |     1 |    22 ||    23
       Punch             |       |     1 ||     1
 Cast: Corona            |     9 |    13 ||    22
       Ensorcelled Hiber |    40 |    69 ||   109
       Tukima's Dance    |       |    13 ||    13
       Confuse           |       |     8 ||     8
  Use: Scroll            |       |     1 ||     1
 Stab: Sleeping          |    33 |    50 ||    83
       Distracted        |       |     2 ||     2
       Confused          |       |     2 ||     2
  Eat: Chunk             |    13 |    18 ||    31
Armor: Skin              |     7 |     9 ||    16
Dodge: Dodged            |    68 |   145 ||   213
